 Dungeon Crawl Stone Soup version 0.16.2-12-gd0ad4c3 (webtiles) character file.

2538 dvd the Covert (level 9, -2/41 HPs)
             Began as a Spriggan Enchanter on Oct 4, 2015.
             Was a Believer of Sif Muna.
             Slain by a boulder beetle (43 damage)
             ... on level 9 of the Dungeon.
             The game lasted 00:56:55 (9967 turns).

dvd the Covert (Spriggan Enchanter)                 Turns: 9967, Time: 00:56:55

Health: -2/41      AC:  5    Str:  4    XL:     9   Next: 30%
Magic:  24/29      EV: 20    Int: 20    God:    Sif Muna [**....]
Gold:   461        SH:  0    Dex: 16    Spells: 4 memorised, 13 levels left

rFire  . . .     SeeInvis +     a - +1 short sword (venom)
rCold  . . .     Clarity  .     s - +1 robe
rNeg   + . .     SustAb   .     (shield restricted)
rPois  .         Gourm    .     (helmet restricted)
rElec  .         Spirit   .     F - +1 cloak
rCorr  .         Warding  .     (gloves unavailable)
rMut   +         Stasis   .     (boots unavailable)
MR     +....                    G - amulet of resist mutation
Stlth  +++++.....               (no ring)
                                w - ring of positive energy

@: bonded with blade, very quick, somewhat resistant to hostile enchantments,
quite stealthy
A: unfitting armour, see invisible, herbivore 3, speed 3, slow metabolism 2
a: Channel Energy, Forget Spell, Renounce Religion


You were on level 9 of the Dungeon.
You worshipped Sif Muna.
Sif Muna was pleased with you.
You were not hungry.

You visited 2 branches of the dungeon, and saw 10 of its levels.

You collected 461 gold pieces.

Inventory:

Hand weapons
 a - a +1 short sword of venom (weapon)
 b - the +3 hunting sling of Radicalism {venom, Str+4}
   (You found it on level 4 of the Dungeon)

   It poisons the ammo it fires.
   It affects your strength (+4).
 x - a +0 dagger of holy wrath
 E - a +4 quarterstaff of chaos
 M - a +3 dagger
Missiles
 g - 43 sling bullets
 t - 16 tomahawks (quivered)
 z - 12 poisoned sling bullets
 A - 6 tomahawks of returning
Armour
 s - a +1 robe (worn)
 D - a +0 buckler
 F - a +1 cloak (worn)
Magical staves
 Q - an uncursed staff of energy
Jewellery
 l - an uncursed ring of fire
 m - an uncursed amulet of resist corrosion
 n - an uncursed amulet of stasis
 w - a ring of positive energy (left hand)
 G - an amulet of resist mutation (around neck)
Magical devices
 h - a wand of confusion (14)
 u - a wand of slowing (0)
 v - a wand of flame (39)
 y - a wand of draining (11)
 H - a wand of digging (9)
 I - a wand of enslavement (13)
 R - a wand of fire (8)
Scrolls
 f - 8 scrolls of identify
 o - 2 scrolls of fog
 p - a scroll of blinking
 B - 3 scrolls of teleportation
 K - a scroll of magic mapping
 N - a scroll of remove curse
Potions
 e - a potion of agility
 i - a potion of haste
 j - a potion of curing
 q - a potion of brilliance
 r - 2 potions of might
 C - a potion of cancellation {unknown}
 J - a potion of cure mutation
 O - a potion of restore abilities {unknown}
 P - a potion of heal wounds {unknown}
Books
 c - a book of Maledictions

   Spells                             Type                      Level
   a - Corona                         Hexes                        1
   b - Sure Blade                     Hexes/Charms                 2
   c - Ensorcelled Hibernation        Hexes/Ice                    2
   d - Confuse                        Hexes                        3
   e - Dazzling Spray                 Conjuration/Hexes            3
   f - Enslavement                    Hexes                        4
 k - a Grand Grimoire {highlevel, unknown}

   This book is beyond your current level of understanding.

   Spells                             Type                      Level
   a - Aura of Abjuration             Summoning                    6
   b - Summon Greater Demon           Summoning                    7
   c - Malign Gateway                 Summoning/Translocation      7
   d - Summon Horrible Things         Summoning                    8
Comestibles
 d - 4 bread rations


   Skills:
 + Level 1.5 Fighting
 + Level 2.6 Short Blades
 + Level 2.9 Slings
 + Level 5.2 Dodging
 + Level 10.3 Stealth
 + Level 0.2 Shields
 + Level 8.3 Spellcasting
 + Level 8.0 Hexes
 + Level 3.0 Charms
 + Level 2.2 Ice Magic


You had 13 spell levels left.
You knew the following spells:

 Your Spells              Type           Power        Failure   Level  Hunger
b - Ensorcelled Hibernat  Hex/Ice        ####..       1%          2    None
c - Sure Blade            Hex/Chrm       ####......   1%          2    None
d - Confuse               Hex            #####...     1%          3    None
e - Enslavement           Hex            #####...     3%          4    ###....


Dungeon Overview and Level Annotations

Branches:
Dungeon (9/15)             Temple (1/1) D:4
   Lair: D:8-11         Orc: D:9-12

Altars:
Ashenzari
Cheibriados
Dithmenos
Elyvilon
Fedhas
Gozag
Kikubaaqudgha
Makhleb
Nemelex Xobeh
Okawaru
Qazlal
Ru
Sif Muna
Trog
Vehumet
Xom
Yredelemnul
Zin
The Shining One


Innate Abilities, Weirdness & Mutations

You are tiny and cannot use many weapons and most armour.
You have supernaturally acute eyesight.
You are a herbivore.
You cover ground extremely quickly.
You need consume almost no food.


Message History

The boulder beetle appears confused.
You see here a viscous grey potion.
You hit the boulder beetle but do no damage.
The boulder beetle is poisoned.
You hit the boulder beetle but do no damage.
The boulder beetle is lightly wounded.
You hit the boulder beetle but do no damage.
The boulder beetle looks even sicker.
The boulder beetle is lightly wounded.
You strike the helpless boulder beetle from behind!
You puncture the boulder beetle!
The boulder beetle is moderately wounded.
You catch the helpless boulder beetle completely off-guard!
You hit the boulder beetle.
The boulder beetle is moderately wounded.
You hit the boulder beetle.
The boulder beetle is heavily wounded.
The boulder beetle bites you!!!
Ouch! That really hurt!
You die...

....# #..#
#..##########.#
#......<......#
###..###########
#.#.## #.#.#
#B#.# #@#.#
#.#.# #.#.#
#.#.. #.#.#
#.#.# #.### #.#
#.#


You could see a boulder beetle (confused).

Vanquished Creatures
  Eustachio (D:7)
  An ice beast (D:8)
  A black bear (D:6)
  2 ogres
  An orc warrior (D:8)
  Duvessa (D:4)
  3 giant frogs
  2 centaurs (D:5)
  Blork the orc (D:6)
  A crocodile (D:7)
  4 scorpions
  4 wights (D:7)
  Dowan (D:4)
  2 crimson imps
  3 orc priests
  A goliath beetle (D:6)
  2 hounds
  3 giant frog zombies
  Crazy Yiuf (D:6)
  A centaur skeleton (D:4)
  An iguana (D:4)
  A jelly (D:6)
  A quasit (D:8)
  2 orc wizards (D:4)
  7 worker ants
  Jessica (D:2)
  13 adders
  3 gnolls (D:5)
  5 shadow imps
  3 worms
  3 giant mites
  An adder skeleton (D:5)
  3 giant geckos
  27 orcs
  A bat skeleton (D:4)
  A bat zombie (D:6)
  5 giant cockroaches
  18 goblins
  14 hobgoblins
  4 jackals
  4 oozes
  A quokka (D:5)
  14 bats
  2 giant newts
  17 kobolds
  13 rats
201 creatures vanquished.

Vanquished Creatures (others)
  An orc wizard (D:4)
1 creature vanquished.

Grand Total: 202 creatures vanquished

Notes
Turn   | Place    | Note
--------------------------------------------------------------
     0 | D:1      | dvd, the Spriggan Enchanter, began the quest for the Orb.
     0 | D:1      | Reached XP level 1. HP: 9/9 MP: 4/4
    69 | D:1      | Reached skill level 5 in Stealth
    69 | D:1      | Reached XP level 2. HP: 10/13 MP: 0/7
   144 | D:1      | Learned a level 2 spell: Ensorcelled Hibernation
   147 | D:1      | Learned a level 2 spell: Sure Blade
   592 | D:1      | Reached XP level 3. HP: 14/16 MP: 2/11
  1403 | D:2      | Learned a level 3 spell: Confuse
  1424 | D:2      | Noticed Jessica
  1428 | D:2      | Reached skill level 6 in Stealth
  1428 | D:2      | Reached XP level 4. HP: 21/21 MP: 11/14
  1621 | D:2      | Killed Jessica
  2073 | D:2      | Reached XP level 5. HP: 12/24 MP: 0/18
  2825 | D:3      | Learned a level 4 spell: Enslavement
  2900 | D:3      | Found a white marble altar of Elyvilon.
  3320 | D:4      | Reached skill level 1 in Ice Magic
  3342 | D:4      | Reached skill level 7 in Stealth
  3386 | D:4      | Got a bloodstained hunting sling
  3387 | D:4      | Identified the cursed +3 hunting sling of Radicalism {venom, Str+4} (You found it on level 4 of the Dungeon)
  3644 | D:3      | Reached XP level 6. HP: 18/28 MP: 13/20
  3833 | D:4      | Reached skill level 1 in Charms
  3847 | D:4      | Reached skill level 5 in Spellcasting
  4092 | D:4      | Found a bloodstained altar of Trog.
  4092 | D:4      | Noticed Duvessa
  4120 | D:4      | Found a staircase to the Ecumenical Temple.
  4126 | Temple   | Entered the Ecumenical Temple
  4221 | Temple   | Became a worshipper of Sif Muna the Loreminder
  4477 | D:4      | Killed Duvessa
  4477 | D:4      | Reached skill level 5 in Hexes
  4530 | D:4      | Noticed Dowan
  5014 | D:4      | Reached skill level 1 in Slings
  5082 | D:4      | Found a blossoming altar of Fedhas.
  5084 | D:4      | Found an opulent altar of Gozag.
  5096 | D:4      | Reached XP level 7. HP: 32/32 MP: 18/23
  5464 | D:4      | Found a shattered altar of Ashenzari.
  5838 | D:4      | Reached skill level 8 in Stealth
  6129 | D:4      | Killed Dowan
  6290 | D:5      | Entered Level 5 of the Dungeon
  6320 | D:5      | Found an iron altar of Okawaru.
  6329 | D:5      | Acquired Sif Muna's first power
  6841 | D:5      | Reached XP level 8. HP: 21/37 MP: 20/25
  7473 | D:6      | Noticed Blork the orc
  7487 | D:6      | Killed Blork the orc
  7490 | D:6      | Reached skill level 9 in Stealth
  7586 | D:6      | Noticed Crazy Yiuf
  7614 | D:6      | Killed Crazy Yiuf
  8414 | D:7      | Found a deep blue altar of Sif Muna.
  8536 | D:7      | Noticed Eustachio
  8564 | D:7      | Reached skill level 1 in Fighting
  8801 | D:7      | Acquired Sif Muna's second power
  8988 | D:7      | Killed Eustachio
  8988 | D:7      | Reached skill level 10 in Stealth
  9125 | D:7      | Reached XP level 9. HP: 41/41 MP: 28/28
  9174 | D:8      | Reached skill level 5 in Dodging
  9967 | D:9      | Slain by a boulder beetle

Action                   |  1- 3 |  4- 6 |  7- 9 || total
-------------------------+-------+-------+-------++-------
Melee: Dagger            |    86 |    97 |       ||   183
       Short sword       |       |     9 |   176 ||   185
 Fire: Hunting sling     |       |    11 |    45 ||    56
 Cast: Corona            |    10 |     4 |     1 ||    15
       Ensorcelled Hiber |    23 |    74 |    69 ||   166
       Sure Blade        |     5 |    22 |    33 ||    60
       Confuse           |       |     5 |    27 ||    32
       Enslavement       |       |       |     4 ||     4
  Use: Scroll            |       |     3 |    11 ||    14
       Potion            |       |       |     8 ||     8
 Stab: Sleeping          |    22 |    49 |    62 ||   133
       Confused          |       |     3 |    13 ||    16
       Invisible         |       |       |     1 ||     1
  Eat: Bread ration      |       |     1 |     1 ||     2
       Pizza             |       |       |     2 ||     2
